 Dungeon Crawl Stone Soup version 0.30-a0-830-gfe289a77b0 (webtiles) character file.

Game seed: 7358814272359119003

60 Jeffwins the Twirler (level 4, -1/32 HPs)
             Began as a Human Wanderer on Feb 28, 2023.
             Slain by Sigmund
             ... wielding a +0 scythe
              (6 damage)
             ... on level 2 of the Dungeon.
             The game lasted 00:02:01 (1196 turns).

Jeffwins the Twirler (Human Wanderer)               Turns: 1196, Time: 00:02:02

Health: -1/32      AC:  7    Str: 11    XL:     4   Next: 25%
Magic:  4/7        EV: 10    Int: 15    God:
Gold:   68         SH:  0    Dex: 13    Spells: 3/7 levels left

rFire   . . .      SeeInvis .    a - +2 quarterstaff
rCold   . . .      Faith    .    (shield currently unavailable)
rNeg    . . .      Spirit   .    d - +0 leather armour
rPois   .          Reflect  .    (no helmet)
rElec   .          Harm     .    (no cloak)
rCorr   .          Rampage  .    (no gloves)
Will    .....                    (no boots)
Stlth   +                        (no amulet)
HPRegen 0.25/turn                O - +4 ring of protection
MPRegen 0.10/turn                (no ring)

@: freezing walls
A: no striking features
a: no special abilities


You were on level 2 of the Dungeon.
You visited 1 branch of the dungeon, and saw 2 of its levels.

You collected 68 gold pieces.


   Skills:
 - Level 1.0 Fighting
 * Level 4.5 Staves
 - Level 2.0 Armour
 * Level 2.1 Spellcasting
 * Level 2.2 Ice Magic
 - Level 1.0 Evocations


You had 3 spell levels left.
You knew the following spells:

 Your Spells              Type           Power      Damage    Failure   Level
x - Frozen Ramparts       Ice            16%        1d3       34%         3
z - Freeze                Ice            32%        1d5       12%         1

Your spell library contained the following spells:

 Spells                   Type           Power      Damage    Failure   Level


Inventory:

Hand Weapons
 a - a +2 quarterstaff (weapon)
Armour
 b - a +0 ring mail
 d - a +0 leather armour (worn)
Jewellery
 O - a +4 ring of protection (left hand)
Scrolls
 k - 2 scrolls of identify {unknown}
 l - a scroll of enchant weapon {unknown}
 m - 2 scrolls of teleportation {unknown}
 n - a scroll of blinking {unknown}
 o - a scroll of fear {unknown}
 q - a scroll of poison {unknown}
Potions
 c - a potion of invisibility
 e - a potion of magic {unknown}
 f - a potion of mutation {unknown}
 g - 3 potions of haste {unknown}
 h - 2 potions of curing {unknown}
 i - 2 potions of flight {unknown}
 j - a potion of ambrosia {unknown}
 p - a potion of degeneration {unknown}

Dungeon Overview and Level Annotations

Branches:
Dungeon (2/15)

Altars:

Annotations:
D:2 Sigmund

....##.........###..#...###
.##.##.........# #..#...#
...............# #..##..#
..#.#..........# #......#
#.#.#..........####.##..#
..#.###+#........#...#..#
###......#..####.#...##.#
......#..#...###{#......#
......#..##....#@###....#
......#......#.#<# #.####
......##.#####.#.# #.# .
......##.......#.###'#####...
################.............
### #....†....#.....†.......
..# #.#######.#.....†.......
..# #.# #.#............. ..#
#.# #.#.............


There were no monsters in sight!


Message History

You see here a +0 short sword.
Casting: Frozen Ramparts (quite dangerous; 34% risk of failure)
Confirm with . or Enter, or press ? or * to list all spells.
The spell is quite dangerous to miscast (34% risk of failure)!
Continue anyway? [Y]es or [N]o only, please.
The spell is quite dangerous to miscast (34% risk of failure)!
Continue anyway?
Casting: Frozen Ramparts (quite dangerous; 34% risk of failure)
Press: ? - help, Dir - look around, f - activate The walls around you are covered in ice.
Unknown command.
You barely miss Sigmund.
The wall freezes Sigmund but does no damage.
Sigmund mumbles some strange words.
Sigmund flickers and vanishes!
Deactivating autopickup; reactivate with Ctrl-A.
Your frozen ramparts will break if you move.
Continue?
Okay, then.
Your frozen ramparts will break if you move.
Continue?
Okay, then.
You closely miss something.
The wall freezes something but does no damage.
Something hits you!
You hit something but do no damage.
The wall freezes something.
Something hits you!
* * * LOW HITPOINT WARNING * * *
You completely miss something.
The wall freezes something.
Something hits you!
* * * LOW HITPOINT WARNING * * *
You hit something. You miss something.
The wall freezes something.
Something hits you.
You die...

Skill      XL: |  1  2  3 |
---------------+----------+-----
Spellcasting   | 2 |  2.1
Ice Magic      | 2 |  2.2
Fighting       | |  1.0
Staves         | |  4.5
Armour         | |  2.0
Evocations     | |  1.0

Action                     |  1- 3 |  4- 6 || total
---------------------------+-------+-------++-------
  Melee: Quarterstaff      |    66 |    10 ||    76
   Cast: Frozen Ramparts   |     1 |     1 ||     2
 Armour: Leather armour    |    25 |     5 ||    30
  Dodge: Dodged            |    35 |     3 ||    38

Levels and vault maps discovered:
D:1:      dpeg_arrival_radiant, layout_rooms
D:2:      layout_basic, uniq_sigmund, uniq_natasha

Notes
Turn   | Place    | Note
-------+----------+-------------------------------------------
     0 | D:1      | Jeffwins the Human Wanderer began the quest for the Orb.
     0 | D:1      | Jeffwins set off with the following items: a +2
                  | quarterstaff, a +0 ring mail, a potion of invisibility; and
                  | the following spell memorised: Freeze; and the following
                  | spells available to memorise: Frozen Ramparts.
     0 | D:1      | Reached XP level 1. HP: 15/15 MP: 2/2
   131 | D:1      | Reached XP level 2. HP: 17/21 MP: 3/3
   573 | D:2      | Noticed Sigmund
   644 | D:2      | Reached XP level 3. HP: 10/26 MP: 5/5
   653 | D:2      | Learned a level 3 spell: Frozen Ramparts
   829 | D:2      | Noticed Natasha
   837 | D:2      | Killed Natasha
   838 | D:2      | Reached skill level 2 in Spellcasting
   838 | D:2      | Reached skill level 2 in Ice Magic
   838 | D:2      | Reached XP level 4. HP: 26/32 MP: 2/7
  1196 | D:2      | Slain by Sigmund

Vanquished Creatures
  Natasha (D:2)
  An adder (D:2)
  A worm (D:2)
  7 ball pythons
  An endoplasm (D:1)
  3 giant cockroaches
  A hobgoblin (D:2)
  4 bats
  3 frilled lizards
  2 kobolds
24 creatures vanquished.

Table legend: (Time is in decaauts)
 A = Elapsed time spent in this place.
 B = Non-inter-level travel time spent in this place.
 C = Inter-level travel time spent in this place.
 D = Time resting spent in this place.
 E = Time spent auto-exploring this place.
 F = Levels seen in this place.
 G = Mean time per level.
                   A        B        C        D        E       F      G
               +--------+--------+--------+--------+--------+-----+--------+
         Total |   1204 |   1141 |     63 |     76 |    790 |   2 |  602.0 |
       Dungeon |   1204 |   1141 |     63 |     76 |    790 |   2 |  602.0 |
               +--------+--------+--------+--------+--------+-----+--------+

Top non-repeatable levels by time:
     D:1: 723 daAuts
     D:2: 480 daAuts

Table legend:
 A = Non-vault XP
 B = Vault XP
 C = Vault XP percentage of total XP
 D = Non-vault monster count
 E = Vault monster count
 F = Vault count percentage of total count
                 A         B        C        D         E       F
            +---------+---------+-------+---------+---------+-------
      Total |      50 |      37 |  42.5 |      23 |       1 |   4.2
            +---------+---------+-------+---------+---------+-------
        D:1 |      20 |       0 |   0.0 |      12 |       0 |   0.0
        D:2 |      30 |      37 |  55.2 |      11 |       1 |   8.3
            +---------+---------+-------+---------+---------+-------
